 Dungeon Sprint DCSS version 0.17-a0-1450-g7e755d1 (webtiles) character file.

58 shklvsk the Slasher (level 3, -4/29 HPs)
             Began as a Demonspawn Abyssal Knight on June 30, 2015.
             Was a Priest of Lugonu.
             Slain by a hill giant
             ... wielding a +0 giant club
              (33 damage)
             ... in the Dungeon (Sprint IX: "|||||||||||||||||||||||||||||").
             The game lasted 00:01:47 (673 turns).

shklvsk the Slasher (Demonspawn Abyssal Knight)      Turns: 673, Time: 00:01:47

Health: -4/29      AC: 13    Str: 16    XL:     3   Next: 76%
Magic:  2/6        EV:  8    Int: 13    God:    Lugonu [***...]
Gold:   0          SH:  0    Dex: 15    Spells: 0 memorised, 2 levels left

rFire  . . .     SeeInvis .     n - +2 scimitar (flame)
rCold  . . .     Clarity  .     p - +1 chain mail
rNeg   . . .     SustAt   .     (no shield)
rPois  .         Gourm    .     o - +0 helmet
rElec  .         Spirit   .     (no cloak)
rCorr  .         Warding  .     a - +0 pair of gloves
rMut   .         NoTele   +     (no boots)
MR     .....                    (no amulet)
Stlth  ..........               r - +3 ring of dexterity
                                q - +3 ring of strength

@: not resistant to hostile enchantments, extremely unstealthy
A: rugged brown scales 1
a: Bend Space, Banish, Renounce Religion


You were in the Dungeon.
You worshipped Lugonu.
Lugonu was most pleased with you.
You were not hungry.

You visited 1 branch

Inventory:

Hand weapons
 n - a +2 scimitar of flaming (weapon)
Armour
 a - a +0 pair of gloves (worn)
 o - a +0 helmet (worn)
 p - a +1 chain mail (worn)
Jewellery
 q - a +3 ring of strength (left hand)
 r - a +3 ring of dexterity (right hand)
Magical devices
 m - a wand of cold (7)
Scrolls
 i - 2 scrolls of blinking
 k - 3 scrolls of remove curse
 l - 2 scrolls of amnesia
Potions
 d - 5 potions of curing
 e - a potion of invisibility
 f - a potion of haste
 g - 3 potions of magic
 h - a potion of berserk rage
 j - 2 potions of heal wounds
Comestibles
 c - a bread ration


   Skills:
 - Level 3.0 Fighting
 * Level 4.5 Long Blades
 + Level 3.9 Armour
 + Level 2.7 Dodging
 + Level 4.4 Invocations


You had 2 spell levels left.
You didn't know any spells.

Dungeon Overview and Level Annotations

Branches:
Dungeon (1/1)

Altars:
Cheibriados
Dithmenos
Elyvilon
Fedhas
Gozag
Kikubaaqudgha
Makhleb
Nemelex Xobeh
Okawaru
Qazlal
Ru
Sif Muna
Trog
Vehumet
Xom
Yredelemnul
Zin
The Shining One
Beogh
Jiyva
Lugonu


Innate Abilities, Weirdness & Mutations

You are partially covered in rugged brown scales (AC +1, +3% HP).


Message History

Drop what? 18/52 slots (_ for help) (? for menu, Esc to quit)
You drop a +0 leather armour.
You open the door.
A giant gecko, a jelly, a wasp, a sky beast, a troll and a hill giant come into view.
The hill giant shouts!
The jelly quivers.
The giant gecko closely misses you.
You closely miss the giant gecko.
Use which ability? (? or * to list)
Press: ? - help, Shift-Dir - straight line, f - hill giant
Aim: a hill giant, wielding a giant club (chance to defeat MR: 56%)
The hill giant resists with significant effort.
You feel quite a bit more hungry.
You can no longer corrupt the fabric of space.
You barely miss the hill giant. The hill giant barely misses you.
You slash the hill giant! You burn the hill giant.
The hill giant is lightly wounded.
The hill giant hits you with a giant club!!
Ouch! That really hurt!
You die... ▓▓▓▓▓▓▓▓▓▓▓▓▓▓▓▓▓▓▓▓▓▓▓▓ _______'..|)....@ClJyTY. ▓▓▓▓▓▓▓▓▓▓▓▓▓▓▓▓▓▓▓▓▓▓▓▓

You could see a hill giant, a troll, a sky beast, a wasp, a jelly and a giant gecko.

Vanquished Creatures
  A giant gecko (D)
  An orc (D)
  A bat zombie (D)
  A goblin (D)
  2 hobgoblins (D)
  A jackal (D)
  2 rats (D)
9 creatures vanquished.

Vanquished Creatures (others)
  A spatial maelstrom (D)
  A phantom (D)
2 creatures vanquished.

Grand Total: 11 creatures vanquished

Notes
Turn   | Place    | Note
--------------------------------------------------------------
     0 | D        | shklvsk the Demonspawn Abyssal Knight began the quest for the Orb.
     0 | D        | Reached XP level 1. HP: 18/18 MP: 2/2
     6 | D        | Banished a spatial maelstrom
    11 | D        | Acquired Lugonu's second power
    19 | D        | Reached skill level 1 in Dodging
    20 | D        | Acquired Lugonu's third power
   244 | D        | Noticed a phantom
   254 | D        | Gained mutation: You are partially covered in rugged brown scales (AC +1, +3% HP). [demonic ancestry]
   254 | D        | Reached XP level 2. HP: 6/24 MP: 4/4
   277 | D        | HP: 1/24 [phantom (5)]
   278 | D        | Acquired Lugonu's fourth power
   278 | D        | Banished a phantom
   278 | D        | Reached skill level 4 in Long Blades
   278 | D        | Reached XP level 3. HP: 1/29 MP: 4/6
   600 | D        | Found a glowing silver altar of Zin.
   600 | D        | Found a glowing golden altar of the Shining One.
   600 | D        | Found an ancient bone altar of Kikubaaqudgha.
   600 | D        | Found a basalt altar of Yredelemnul.
   600 | D        | Found a shimmering altar of Xom.
   600 | D        | Found a radiant altar of Vehumet.
   601 | D        | Found an iron altar of Okawaru.
   602 | D        | Found a burning altar of Makhleb.
   603 | D        | Found a deep blue altar of Sif Muna.
   604 | D        | Found a bloodstained altar of Trog.
   605 | D        | Found a sparkling altar of Nemelex Xobeh.
   606 | D        | Found a white marble altar of Elyvilon.
   607 | D        | Found a roughly hewn altar of Beogh.
   608 | D        | Found a viscous altar of Jiyva.
   609 | D        | Found a corrupted altar of Lugonu.
   610 | D        | Found a blossoming altar of Fedhas.
   611 | D        | Found a snail-covered altar of Cheibriados.
   612 | D        | Found a shadowy altar of Dithmenos.
   613 | D        | Found a stormy altar of Qazlal.
   614 | D        | Found an opulent altar of Gozag.
   615 | D        | Found a sacrificial altar of Ru.
   669 | D        | Noticed a hill giant
   669 | D        | Noticed a jelly
   669 | D        | Noticed a wasp
   669 | D        | Noticed a troll
   669 | D        | Noticed a sky beast
   673 | D        | Slain by a hill giant

Vault maps used:
D:        linesprint

Action                   || total
-------------------------++-------
Melee: Falchion          ||    31
       Scimitar          ||     3
Invok: Banish            ||     3
  Use: Potion            ||     2
